 Dungeon Crawl Stone Soup version 0.31-a0-198-g2ad674f65e (webtiles) character file.

Game seed: 397777796237467011

3156 qw the Markself (level 9, 0/51 HPs)
             Began as a Deep Elf Hunter on June 25, 2023.
             Was a Follower of Okawaru.
             Slain by a killer bee (1 damage)
             ... on level 8 of the Dungeon.
             The game lasted 00:03:03 (5832 turns).

qw the Markself (Deep Elf Hunter)                   Turns: 5832, Time: 00:03:03

Health: 0/51       AC:  9    Str: 12    XL:     9   Next: 62%
Magic:  13/14      EV: 18    Int: 15    God:    Okawaru [*.....]
Gold:   227        SH:  0    Dex: 18    Spells: 8/8 levels left

rFire   + . .        n - +0 orcbow
rCold   + . .        (shield currently unavailable)
rNeg    . . .        o - +1 leather armour {rPois}
rPois   +            l - +0 helmet
rElec   .            a - scarf {rC+ rF+}
rCorr   +            f - +2 pair of gloves
SInv    +            (no boots)
Will    .....        (no amulet)
Stlth   +++          d - ring of resist corrosion
HPRegen 0.28/turn    g - ring of see invisible
MPRegen 0.14/turn

%: no passive effects
@: lethally poisoned (0 -> -2), heroic
A: no striking features
a: Renounce Religion, Heroism


You were on level 8 of the Dungeon.
You worshipped Okawaru.
Okawaru was aware of your devotion.
You visited 2 branches of the dungeon, and saw 9 of its levels.

You collected 266 gold pieces.
You spent 39 gold pieces at shops.


   Skills:
 + Level 3.5(8.5) Fighting
 - Level 15.0(20.0) Ranged Weapons
 - Level 1.3(6.3) Armour
 - Level 6.5(11.5) Dodging
 - Level 1.2(6.2) Stealth
 - Level 4.2 Invocations


You had 8 spell levels left.
You didn't know any spells.
Your spell library was empty.

Inventory:

Hand Weapons
 n - a +0 orcbow (weapon)
Armour
 a - a scarf of resistance (worn)
 f - a +2 pair of gloves (worn)
 i - a +0 ring mail
 l - a +0 helmet (worn)
 o - a +1 leather armour of poison resistance (worn)
 p - a +0 cloak
Jewellery
 d - a ring of resist corrosion (left hand)
 g - a ring of see invisible (right hand)
Scrolls
 e - a scroll of identify
Potions
 b - a potion of magic {unknown}
 c - 2 potions of curing
 h - a potion of resistance {unknown}
 j - a potion of enlightenment {unknown}
 k - a potion of heal wounds
 m - a potion of brilliance {unknown}

Dungeon Overview and Level Annotations

Branches:
Dungeon (8/15)             Temple (1/1) D:4            Lair (0/5) D:8

Altars:
Ashenzari
Cheibriados
Dithmenos
Fedhas
Gozag
Hepliaklqana
Kikubaaqudgha
Makhleb
Nemelex Xobeh
Okawaru
Qazlal
Ru
Sif Muna
Trog
Uskayaw
Vehumet
Wu Jian
Xom
Yredelemnul
Zin
The Shining One

Shops:
D:2 !

Annotations:
D:8 1 runed translucent door, qw's ghost, journeyman GrHu


Message History

The killer bee goes berserk!
You shoot an arrow. The arrow hits the killer bee.
The killer bee is almost dead.
You feel sick.
A nearby plant withers and dies.
The killer bee stings you.
The killer bee stings the plant.
The plant begins to die.
The killer bee barely misses you. x3; The killer bee misses you.
The killer bee stings the plant!
The killer bee completely misses you.
The queen bee calls on the killer bee to defend it!
The killer bee goes berserk!
The killer bee stings you.
You shoot an arrow.
The arrow closely misses the killer bee.
The arrow barely misses the killer bee.
The arrow hits the killer bee.
The killer bee is moderately wounded.
You feel sick. The killer bee barely misses you.
The killer bee closely misses you.
The killer bee stings the plant.
The killer bee barely misses you. The killer bee closely misses you.
You shoot an arrow.
The arrow barely misses the killer bee. x3
You feel sick.
A nearby plant withers and dies. x2; The killer bee stings you.
The killer bee stings the plant.
The killer bee misses you. The killer bee completely misses you.
The queen bee calls on the killer bee to defend it!
The killer bee goes berserk!
The killer bee closely misses you. x3
The killer bee completely misses the plant.
You shoot an arrow. The arrow misses the killer bee.
The arrow closely misses the killer bee. x2
The killer bee stings you but does no damage.
The killer bee stings you.
The killer bee stings you but does no damage.
The killer bee stings the plant!
The killer bee completely misses you. The killer bee misses you.
The queen bee calls on the killer bee to defend it!
The killer bee goes berserk!
You shoot an arrow. The arrow hits the killer bee!
You kill the killer bee!
Okawaru accepts your kill.
You feel sick. The killer bee closely misses you.
The killer bee completely misses you.
The killer bee stings the plant.
The killer bee closely misses you. The killer bee stings you. x2
The killer bee stings the plant!
The killer bee stings you.
You die... ............. ##...###..#.# .# ..........#.##.# .#............. ## .+..##.........
PPP

#..##.#.####.# ....
####...#.# #.# .....
...#...#.####.####y.PPP.
~~W+............@yy.....
...#........#...yyy.....
####.###......####yP...P
..........### y.....
.....######## .....
##.#.


PPPPP ## #### You could see a queen bee and 7 killer bees.

Vanquished Creatures
  Maggie (D:7)
  Prince Ribbit (D:7)
  Sigmund (D:6)
  Grum (D:8)
  2 orc warriors
  A black bear (D:5)
  2 wolves (D:8)
  2 centaurs
  2 kobold brigands
  4 bullfrogs
  Blork the orc (D:6)
  3 scorpions
  4 killer bees (D:8)
  A howler monkey (D:4)
  2 hounds
  4 jellies
  2 gnoll boudas (D:6)
  4 orc priests
  A sleepcap (D:4)
  9 orc wizards
  3 iguanas
  10 gnolls
  6 adders
  3 white imps (D:6)
  An ufetubus (D:6)
  5 worms
  2 dart slugs
  40 orcs
  7 endoplasms
  3 giant cockroaches
  7 goblins
  3 hobgoblins
  8 jackals
  2 quokkas
  6 ball pythons
  3 bats
  5 frilled lizards
  11 kobolds
  5 rats
178 creatures vanquished.

Notes
Turn   | Place    | Note
-------+----------+-------------------------------------------
     0 | D:1      | qw the Deep Elf Hunter began the quest for the Orb.
     0 | D:1      | Reached XP level 1. HP: 12/12 MP: 3/3
     0 | D:1      | 0 ||| qw: Version: 0.3-a-22-g0ed2b0b
     0 | D:1      | 0 ||| qw: Game counter: 5361
     0 | D:1      | 0 ||| qw: Melee chars always use a shield: true
     0 | D:1      | 0 ||| qw: God list: Okawaru
     0 | D:1      | 0 ||| qw: Allow faded altars: false
     0 | D:1      | 0 ||| qw: Do Orc after clearing Dungeon:15 true
     0 | D:1      | 0 ||| qw: Do second Lair branch before Depths: true
     0 | D:1      | 0 ||| qw: Lair rune preference: random
     0 | D:1      | 0 ||| qw: Goals: Normal
     0 | D:1      | 0 ||| PLANNING D:1-11
   266 | D:1      | Reached XP level 2. HP: 16/16 MP: 4/4
   278 | D:1      | Reached skill level 6 in Ranged Weapons
   508 | D:1      | 508 ||| UPGRADING to ring of resist corrosion.
   509 | D:1      | 509 ||| DROPPING +6 ring of intelligence.
   510 | D:1      | 510 ||| UPGRADING to ring of see invisible.
   511 | D:1      | 511 ||| READING scroll labelled TUCHIOFUNI.
   512 | D:1      | 512 ||| READING scroll labelled XOPPEZOILO.
   513 | D:1      | 513 ||| DROPPING scroll of butterflies.
   567 | D:2      | 567 ||| FLEEEEING.
   576 | D:2      | 576 ||| STAIRDANCE
   585 | D:1      | 585 ||| UPGRADING to scarf of resistance.
   605 | D:2      | Reached XP level 3. HP: 20/20 MP: 5/5
   686 | D:2      | Reached skill level 7 in Ranged Weapons
   691 | D:2      | Found Onischiu's Distillery.
   700 | D:2      | 700 ||| SHOPLISTING 2 potions of curing (78 gold, have 71).
   700 | D:2      | 700 ||| SHOPLISTING potion of cancellation (104 gold, have
                  | 71).
   700 | D:2      | 700 ||| BUYING potion of curing (39 gold).
   700 | D:2      | Bought a potion of curing for 39 gold pieces
   700 | D:2      | 700 ||| SHOPLISTING potion of heal wounds (65 gold, have
                  | 32).
   700 | D:2      | 700 ||| SHOPLISTING potion of mutation (104 gold, have 32).
   965 | D:2      | 965 ||| UPGRADING to +1 pair of gloves.
   970 | D:2      | 970 ||| DROPPING amulet of magic regeneration.
   971 | D:2      | 971 ||| DROPPING ring of magical power.
   972 | D:2      | 972 ||| READING scroll labelled OCOTTAR RUISKI.
   973 | D:2      | 973 ||| READING scroll labelled XEIGARR HOCWIT.
   976 | D:2      | 976 ||| READING scroll labelled SUPLEQIZA.
  1078 | D:3      | 1078 ||| READING scroll of enchant weapon.
  1078 | D:3      | 1078 ||| ENCHANTING +1 shortbow.
  1118 | D:3      | Reached XP level 4. HP: 25/25 MP: 6/6
  1126 | D:3      | HP: 2/25 [orc/+0 flail (8)]
  1414 | D:3      | Reached skill level 8 in Ranged Weapons
  1823 | D:3      | 1823 ||| READING scroll labelled QIENOG MUEXZE.
  1824 | D:3      | 1824 ||| READING scroll labelled ALYQOGHECIRGH.
  1825 | D:3      | 1825 ||| DRINKING 2 fizzy grey potions.
  1854 | D:3      | 1854 ||| DROPPING potion of lignification.
  1929 | D:4      | Reached XP level 5. HP: 29/29 MP: 7/7
  2017 | D:4      | 2017 ||| FLEEEEING.
  2018 | D:4      | 2018 ||| FLEEEEING.
  2019 | D:4      | 2019 ||| FLEEEEING.
  2113 | D:4      | Reached skill level 9 in Ranged Weapons
  2228 | D:4      | Found a staircase to the Ecumenical Temple.
  2229 | D:4      | 2229 ||| PLANNING TEMPLE
  2229 | D:4      | 2229 ||| UPGRADING to +0 helmet.
  2234 | D:4      | 2234 ||| READING scroll labelled MAPHOUNUME.
  2235 | D:4      | 2235 ||| READING scroll labelled CAURUA ZYOFI.
  2248 | D:4      | 2248 ||| FLEEEEING.
  2249 | D:4      | 2249 ||| FLEEEEING.
  2250 | D:4      | 2250 ||| FLEEEEING.
  2251 | D:4      | 2251 ||| FLEEEEING.
  2252 | D:4      | 2252 ||| FLEEEEING.
  2284 | D:4      | 2284 ||| FLEEEEING.
  2285 | D:4      | 2285 ||| FLEEEEING.
  2286 | D:4      | 2286 ||| FLEEEEING.
  2288 | D:4      | 2288 ||| FLEEEEING.
  2289 | D:4      | 2289 ||| FLEEEEING.
  2290 | D:4      | 2290 ||| FLEEEEING.
  2300 | D:4      | 2300 ||| STAIRDANCE
  2316 | D:4      | 2316 ||| FLEEEEING.
  2317 | D:4      | 2317 ||| FLEEEEING.
  2318 | D:4      | 2318 ||| FLEEEEING.
  2319 | D:4      | 2319 ||| FLEEEEING.
  2320 | D:4      | 2320 ||| FLEEEEING.
  2321 | D:4      | 2321 ||| FLEEEEING.
  2322 | D:4      | 2322 ||| STAIRDANCE
  2324 | D:4      | 2324 ||| STAIRDANCE
  2326 | D:3      | 2326 ||| DRINKING potion of curing.
  2326 | D:3      | 2326 ||| (to cure confusion)
  2329 | D:4      | 2329 ||| STAIRDANCE
  2352 | D:4      | 2352 ||| STAIRDANCE
  2356 | D:4      | 2356 ||| STAIRDANCE
  2368 | D:3      | Reached skill level 3 in Dodging
  2438 | Temple   | Entered the Ecumenical Temple
  2449 | Temple   | 2449 ||| PLANNING OKAWARU WORSHIP
  2745 | Temple   | Became a worshipper of Warmaster Okawaru
  2746 | Temple   | 2746 ||| PLANNING D:1-11
  2869 | D:4      | Reached XP level 6. HP: 35/35 MP: 8/8
  2998 | D:4      | 2998 ||| UPGRADING to +0 scale mail.
  3008 | D:4      | 3008 ||| DROPPING +0 leather armour.
  3009 | D:4      | 3009 ||| UPGRADING to +0 ring mail.
  3019 | D:4      | 3019 ||| DROPPING +0 scale mail.
  3020 | D:4      | 3020 ||| READING scroll labelled UPSIQUA YRUQI.
  3040 | D:5      | Entered Level 5 of the Dungeon
  3094 | D:5      | Reached skill level 1 in Armour
  3167 | D:5      | 3167 ||| READING scroll of enchant armour.
  3167 | D:5      | 3167 ||| ENCHANTING +1 pair of gloves.
  3220 | D:5      | 3220 ||| FLEEEEING.
  3299 | D:5      | Reached skill level 10 in Ranged Weapons
  3373 | D:5      | Reached XP level 7. HP: 38/39 MP: 9/9
  3549 | D:5      | 3549 ||| DRINKING 2 metallic black potions.
  3716 | D:5      | Reached * piety under Okawaru
  3794 | D:5      | 3794 ||| READING scroll labelled WOCUTI KIPPYI.
  3795 | D:5      | 3795 ||| DRINKING 2 fuming black potions.
  3796 | D:5      | 3796 ||| DROPPING potion of berserk rage.
  3841 | D:6      | Reached skill level 11 in Ranged Weapons
  3845 | D:6      | Reached skill level 1 in Invocations
  3861 | D:6      | 3861 ||| INVOKING Heroism.
  3875 | D:6      | 3875 ||| FLEEEEING.
  3876 | D:6      | 3876 ||| FLEEEEING.
  3890 | D:6      | 3890 ||| INVOKING Heroism.
  3917 | D:6      | 3917 ||| FLEEEEING.
  3918 | D:6      | 3918 ||| FLEEEEING.
  3919 | D:6      | 3919 ||| FLEEEEING.
  3921 | D:6      | 3921 ||| FLEEEEING.
  3922 | D:6      | 3922 ||| STAIRDANCE
  3952 | D:6      | 3952 ||| INVOKING Heroism.
  3952 | D:6      | Noticed Blork the orc
  3953 | D:6      | 3953 ||| Stepping ~*~*~tactically~*~*~ (outnumbered).
  3972 | D:6      | Killed Blork the orc
  3991 | D:6      | 3991 ||| INVOKING Heroism.
  4000 | D:6      | Reached XP level 8. HP: 44/44 MP: 10/12
  4045 | D:6      | 4045 ||| INVOKING Heroism.
  4056 | D:6      | Reached skill level 12 in Ranged Weapons
  4292 | D:6      | Noticed Sigmund
  4295 | D:6      | 4295 ||| INVOKING Heroism.
  4308 | D:6      | Killed Sigmund
  4309 | D:6      | Reached skill level 3 in Fighting
  4453 | D:6      | 4453 ||| INVOKING Heroism.
  4708 | D:7      | 4708 ||| SWAPPING to +0 orcbow.
  4714 | D:7      | 4714 ||| INVOKING Heroism.
  4716 | D:7      | 4716 ||| DRINKING 3 potions of curing.
  4716 | D:7      | 4716 ||| (to cure confusion)
  4734 | D:7      | 4734 ||| INVOKING Heroism.
  4743 | D:7      | Reached skill level 13 in Ranged Weapons
  4824 | D:7      | 4824 ||| DROPPING +2 shortbow.
  4878 | D:7      | Reached skill level 3 in Invocations
  4944 | D:7      | Noticed Maggie
  4955 | D:7      | Killed Maggie
  4956 | D:7      | Reached XP level 9. HP: 43/51 MP: 12/14
  5054 | D:7      | Noticed Prince Ribbit
  5055 | D:7      | 5055 ||| INVOKING Heroism.
  5064 | D:7      | Killed Prince Ribbit
  5065 | D:7      | Reached skill level 14 in Ranged Weapons
  5335 | D:7      | 5335 ||| UPGRADING to +1 leather armour of poison
                  | resistance.
  5368 | D:8      | Found a staircase to the Lair.
  5426 | D:8      | Noticed Grum
  5427 | D:8      | 5427 ||| INVOKING Heroism.
  5458 | D:8      | Killed Grum
  5459 | D:8      | Reached skill level 6 in Dodging
  5635 | D:8      | 5635 ||| INVOKING Heroism.
  5700 | D:8      | 5700 ||| FLEEEEING.
  5701 | D:8      | 5701 ||| FLEEEEING.
  5702 | D:8      | 5702 ||| FLEEEEING.
  5703 | D:8      | 5703 ||| FLEEEEING.
  5704 | D:8      | 5704 ||| FLEEEEING.
  5705 | D:8      | 5705 ||| FLEEEEING.
  5706 | D:8      | 5706 ||| FLEEEEING.
  5708 | D:8      | 5708 ||| STAIRDANCE
  5802 | D:8      | Found a runed translucent door.
  5804 | D:8      | Noticed qw's ghost (journeyman GrHu)
  5818 | D:8      | Noticed a queen bee
  5821 | D:8      | 5821 ||| INVOKING Heroism.
  5825 | D:8      | Reached skill level 15 in Ranged Weapons
  5832 | D:8      | HP: 12/51 [poisoned by a killer bee]
  5832 | D:8      | HP: 1/51 [killer bee (6)]
  5832 | D:8      | Slain by a killer bee

Levels and vault maps discovered:
D:1:      saegor_arrival_fortress, layout_basic
D:2:      layout_rooms, serial_shops, nicolae_shop_tiny_statue_garden,
          serial_curves, eino_curves_03, eino_curves_04
D:3:      layout_basic, nicolae_wormholes
D:4:      layout_basic, minmay_temple_entry_junction_2
D:5:      layout_cave_pools, corexii_shack, minmay_misc_feat_alley,
          kennysheep_cross_bottleneck, kennysheep_generic_room_16
D:6:      layout_cave_pools, nicolae_figureground_pulse, uniq_sigmund,
          uniq_blork_the_orc
D:7:      layout_rooms, feat_on_display, uniq_maggie, uniq_prince_ribbit1
D:8:      layout_basic, lemuel_tele_altar, lair_entry_dummy, special_room
          [special_room_orc], ebering_ghost_reflecting_pool,
          nicolae_looking_at_the_future, uniq_grum, uniq_maurice, uniq_pikel
Temple:   regret_index_temple_sigil_plot

Skill      XL: |  1  2  3  4  5  6  7  8  9 |
---------------+----------------------------+-----
Ranged Weapons | 6 7 8 9 10 11 13 15 | 15.0
Dodging        | 3 4 6 |  6.5
Fighting       | 2 3 |  3.5
Armour         | 1 |  1.3
Invocations    | 2 4 |  4.2
Stealth        | |  1.2

Action                     |  1- 3 |  4- 6 |  7- 9 || total
---------------------------+-------+-------+-------++-------
   Fire: Shortbow          |   111 |   198 |   173 ||   482
         Orcbow            |       |       |   186 ||   186
 Invoke: Heroism           |       |       |    13 ||    13
    Use: Scroll            |     6 |     6 |     1 ||    13
         Potion            |       |     2 |     3 ||     5
 Armour: Leather armour    |     7 |    12 |    10 ||    29
         Ring mail         |       |     4 |    46 ||    50
  Dodge: Dodged            |    21 |    43 |   133 ||   197

Table legend:
 A = Non-vault XP
 B = Vault XP
 C = Vault XP percentage of total XP
 D = Non-vault monster count
 E = Vault monster count
 F = Vault count percentage of total count
                 A         B        C        D         E       F
            +---------+---------+-------+---------+---------+-------
      Total |    2805 |    1770 |  38.7 |     159 |      19 |  10.7
            +---------+---------+-------+---------+---------+-------
        D:1 |      24 |       0 |   0.0 |      15 |       0 |   0.0
        D:2 |      55 |       0 |   0.0 |      17 |       0 |   0.0
        D:3 |     128 |      20 |  13.5 |      20 |       4 |  16.7
        D:4 |     171 |       0 |   0.0 |      33 |       0 |   0.0
        D:5 |     461 |      94 |  16.9 |      11 |       4 |  26.7
        D:6 |     725 |     312 |  30.1 |      33 |       2 |   5.7
        D:7 |     731 |     657 |  47.3 |      18 |       2 |  10.0
        D:8 |     510 |     687 |  57.4 |      12 |       7 |  36.8
            +---------+---------+-------+---------+---------+-------
